 Dungeon Crawl Stone Soup version 0.26-a0-695-g987792ac36 (webtiles) character file.

Game seed: 2577889040466452341

57 speedpope the Covered (level 3, 0/34 HPs)
             Began as a Deep Dwarf Fighter on Oct 25, 2020.
             Slain by an ogre
             ... wielding a +0 giant club
              (5 damage)
             ... on level 4 of the Dungeon.
             The game lasted 00:01:09 (465 turns).

speedpope the Covered (Deep Dwarf Fighter)           Turns: 465, Time: 00:01:10

Health: 0/34       AC:  8    Str: 20    XL:     3   Next: 73%
Magic:  3/3        EV:  7    Int:  8    God:
Gold:   85         SH:  9    Dex: 12    Spells: 2/2 levels left

rFire    . . .     SeeInvis .   a - +0 war axe
rCold    . . .     Faith    .   c - +0 kite shield
rNeg     . . .     Spirit   .   b - +0 scale mail
rPois    .         Reflect  .   (no helmet)
rElec    .         Harm     .   f - +0 cloak
rCorr    .         Rampage  .   (no gloves)
MR       .....                  (no boots)
Stlth    ..........             (no amulet)
HPRegen  0.00/turn              (no ring)
MPRegen  0.08/turn              (no ring)

@: non-regenerating
A: damage resistance, heal wounds, sense surroundings 1, no regeneration
a: Heal Wounds


You were on level 4 of the Dungeon.
You visited 1 branch of the dungeon, and saw 4 of its levels.

You collected 85 gold pieces.

Inventory:

Hand Weapons
 a - a +0 war axe (weapon)
Missiles
 h - 5 poisoned darts (quivered)
Armour
 b - a +0 scale mail (worn)
 c - a +0 kite shield (worn)
 f - a +0 cloak (worn)
   (You found it on level 2 of the Dungeon)
Jewellery
 g - an uncursed ring of protection from fire {unknown}
   (You found it on level 2 of the Dungeon)
Potions
 d - a potion of might
 e - a potion of magic {unknown}


   Skills:
 + Level 3.1 Fighting
 + Level 2.9 Axes
 + Level 3.9 Armour
 + Level 3.9 Shields


You had 2 spell levels left.
You didn't know any spells.
Your spell library was empty.

Dungeon Overview and Level Annotations

Branches:
Dungeon (4/15)
 Temple: D:4-7

Altars:


Innate Abilities, Weirdness & Mutations

You are resistant to damage.
You can heal yourself by infusing magical energy.
You passively map a small area around you.
You do not regenerate.


Message History

The ogre hits you with a +0 giant club!
* * * LOW HITPOINT WARNING * * *
You are too injured to fight recklessly!
You are too injured to fight recklessly!
You are too injured to fight recklessly!
You are too injured to fight recklessly!
You barely miss the ogre.
The ogre is heavily wounded.
You block the ogre's attack.
You barely miss the ogre.
The ogre is heavily wounded.
The ogre hits you with a +0 giant club.
* * * LOW HITPOINT WARNING * * *
Your scale mail prevents you from hitting the ogre.
The ogre is heavily wounded.
You block the ogre's attack.
You closely miss the ogre.
The ogre is heavily wounded.
The ogre hits you with a +0 giant club.
You die...

##........# #.......
#.........######.......
#.............##.......
.............##.......
*.............##.......
,.#+#........##.......
* +............(.... *,
#......).#.######.
#@.......#.# *#.
#....O..........# * ..
##............### .##
####.######### #. #.
*#*** #.* , #. * * #.


You could see an ogre.

Vanquished Creatures
  2 adders
  2 worms (D:2)
  2 dart slugs
  3 giant cockroaches
  5 goblins
  4 hobgoblins
  4 kobolds
  A quokka (D:2)
  2 bats (D:2)
  3 frilled lizards
28 creatures vanquished.

Notes
Turn   | Place    | Note
-------+----------+-------------------------------------------
     0 | D:1      | speedpope the Deep Dwarf Fighter began the quest for the
                  | Orb.
     0 | D:1      | Reached XP level 1. HP: 20/20 MP: 1/1
   204 | D:1      | Reached XP level 2. HP: 27/27 MP: 2/2
   254 | D:2      | Reached XP level 3. HP: 17/34 MP: 3/3
   454 | D:4      | Noticed an ogre
   465 | D:4      | Slain by an ogre

Illustrated notes

Levels and vault maps discovered:
D:1:      wheals_arrival_linesprint, layout_basic, minmay_misc_feat_roman,
          interstate_on_off, minmay_shallow_snake_nest
D:2:      layout_rooms, grunt_decor_arrowhead
D:3:      layout_basic, nicolae_overflow_hidden_temple,
          chequers_temple_overflow_statue_of_worship
D:4:      layout_basic, lemuel_coloured_pillars_altar, serial_shops,
          kennysheep_mini

Skill      XL: |  1  2 |
---------------+-------+-----
Fighting       | 3 |  3.1
Axes           | |  2.9
Armour         | |  3.9
Shields        | |  3.9

Action                   || total
-------------------------++-------
Melee: War axe           ||    95
 Abil: Heal Wounds       ||     1
Armor: Scale mail        ||    33
Dodge: Dodged            ||    26
Block: Kite shield       ||    59

Table legend: (Time is in decaauts)
 A = Elapsed time spent in this place.
 B = Non-inter-level travel time spent in this place.
 C = Inter-level travel time spent in this place.
 D = Time resting spent in this place.
 E = Time spent auto-exploring this place.
 F = Levels seen in this place.
 G = Mean time per level.
                   A        B        C        D        E       F      G
               +--------+--------+--------+--------+--------+-----+--------+
         Total |    507 |    464 |     43 |      0 |    248 |   4 |  126.8 |
       Dungeon |    507 |    464 |     43 |      0 |    248 |   4 |  126.8 |
               +--------+--------+--------+--------+--------+-----+--------+

Top non-repeatable levels by time:
     D:1: 217 daAuts
     D:2: 122 daAuts
     D:3: 112 daAuts
     D:4: 54 daAuts
